 Dungeon Crawl Stone Soup version 0.31.0-9-g3a7656b989 (webtiles) character file.

Game seed: 7276815030430151438

1505304 MacCMillion the Hill Orc Cataclysm (level 27, 268/268 HPs)
             Began as a Hill Orc Fighter on Jan 26, 2024.
             Was a High Priest of Qazlal.
             Escaped with the Orb
             ... and 3 runes!
             The game lasted 02:59:17 (88723 turns).

MacCMillion the Hill Orc Cataclysm (HOFi)          Turns: 88723, Time: 02:59:17

Health: 268/268    AC: 58    Str: 38    XL:     27
Magic:  40/40      EV: 17    Int: 11    God:    Qazlal [*****.]
Gold:   9063       SH: 35    Dex: 10    Spells: 26/26 levels left

rFire   + + +        a - +8 broad axe (freeze)
rCold   + + .        Z - +5 tower shield {AC+3}
rNeg    + + +        H - +12 gold dragon scales
rPois   +            L - +1 helmet of the Known World {rElec rN+++ Str-4 SInv}
rElec   +            q - +4 dragonskin cloak
rCorr   .            t - +2 pair of gloves {Str+3}
SInv    +            g - +2 pair of boots {Fly}
Will    +++++        m - amulet "Vipp" {Faith Fly rF++ Int+3 Stlth-} Stlth
                     c - ring "Riedet" {Will+ Str+6 SInv Stlth+}
HPRegen 0.64/turn    k - ring of Gaeposum {rC+ Will++ EV+5}
MPRegen 0.27/turn

%: repel missiles, faith
@: flying, studying 2 skills
A: mutation resistance 1
0: Orb of Zot
}: 3/15 runes: barnacled, silver, gossamer
a: Renounce Religion, Upheaval, Elemental Force, Disaster Area


You escaped.
You worshipped Qazlal.
Qazlal was extremely pleased with you.
You visited 11 branches of the dungeon, and saw 51 of its levels.
You visited the Abyss 1 time.
You also visited: Gauntlet, Ice Cave and Volcano.

You collected 10012 gold pieces.
You spent 949 gold pieces at shops.

Inventory:

Hand Weapons
 a - a +8 broad axe of freezing (weapon)
Missiles
 r - 6 throwing nets
 M - 7 curare-tipped darts
Armour
 g - a +2 pair of boots of flying (worn)
 q - the +4 dragonskin cloak (worn)
   (You took it off Tiamat on level 1 of the Realm of Zot)

   Avatar's Aegis: It grants the wearer a chance to resist fire, cold, poison,
   electricity, acid, and negative energy.
 t - a +2 pair of gloves of strength (worn)
 H - +12 gold dragon scales (worn)
 L - the +1 helmet of the Known World (worn) {rElec rN+++ Str-4 SInv}
   (You acquired it on level 3 of the Elven Halls)

   Str-4:     It affects your strength (-4).
   rElec:     It insulates you from electricity.
   rN+++:     It renders you almost immune to negative energy.
   SInv:      It lets you see invisible.
 Z - a +5 tower shield of protection (worn)
Jewellery
 c - the ring "Riedet" (left hand) {Will+ Str+6 SInv Stlth+}
   (You found it on level 13 of the Dungeon)

   [ring of strength]

   Str+6:     It affects your strength (+6).
   Will+:     It increases your willpower.
   SInv:      It lets you see invisible.
   Stlth+:    It makes you more stealthy.
 h - the ring "Qyud" {rF+ rN+ Int+4 SInv}
   (You took it off a deep elf high priest on level 3 of the Elven Halls)

   [ring of see invisible]

   Int+4:     It affects your intelligence (+4).
   rF+:       It protects you from fire.
   rN+:       It protects you from negative energy.
   SInv:      It lets you see invisible.
 k - the ring of Gaeposum (right hand) {rC+ Will++ EV+5}
   (You took it off a deep elf demonologist on level 3 of the Elven Halls)

   [ring of evasion]

   EV+5:      It affects your evasion (+5).
   rC+:       It protects you from cold.
   Will++:    It greatly increases your willpower.
 m - the amulet "Vipp" (around neck) {Faith Fly rF++ Int+3 Stlth-}
   (You found it on level 13 of the Dungeon)

   [amulet of faith]

   Faith:     It allows you to gain divine favour quickly.
   Int+3:     It affects your intelligence (+3).
   rF++:      It greatly protects you from fire.
   Fly:       It grants you flight.
   Stlth-:    It makes you less stealthy.
 n - the ring of Vixiqubb {rPois rF+++ rC+ Str-3 SInv}
   (You took it off a deep elf elementalist on level 3 of the Elven Halls)

   [ring of poison resistance]

   Str-3:     It affects your strength (-3).
   rF+++:     It renders you almost immune to fire.
   rC+:       It protects you from cold.
   rPois:     It protects you from poison SInv: It lets you see invisible.
 o - the ring of the Death Scarab {Fly rN+ Dex+4}
   (You found it on level 3 of the Crypt)

   [ring of positive energy]

   Dex+4:     It affects your dexterity (+4).
   rN+:       It protects you from negative energy.
   Fly:       It grants you flight.
 x - a ring of protection from cold
 B - the ring "Udomol" {rF- rC+ Str+6 Dex+6}
   (You found it on level 13 of the Dungeon)

   [ring of strength]

   Str+6:     It affects your strength (+6).
   Dex+6:     It affects your dexterity (+6).
   rF-:       It makes you vulnerable to fire.
   rC+:       It protects you from cold.
 C - a ring of protection from fire
Wands
 w - a wand of mindburst (45)
 J - a wand of flame (129)
 O - a wand of light (22)
 W - a wand of digging (18)
Scrolls
 b - 9 scrolls of fear
 p - 11 scrolls of poison
 s - 5 scrolls of vulnerability
 u - 5 scrolls of blinking
 v - 12 scrolls of immolation
 G - 7 scrolls of revelation
 I - 5 scrolls of noise
 K - 7 scrolls of silence
 N - 12 scrolls of fog
 Q - 3 scrolls of torment
 S - 25 scrolls of teleportation
 Y - 3 scrolls of summoning
Potions
 d - 10 potions of might
 f - 5 potions of attraction
 i - 15 potions of curing
 j - 3 potions of resistance
 l - 4 potions of ambrosia
 z - 6 potions of mutation
 A - 6 potions of berserk rage
 D - 4 potions of haste
 E - 9 potions of heal wounds
 F - 6 potions of cancellation
 P - 8 potions of lignification
 T - 3 potions of enlightenment
 V - 3 potions of invisibility
 X - 4 potions of magic
Miscellaneous
 e - a phantom mirror
 y - a box of beasts
 R - a phial of floods
 U - a condenser vane


   Skills:
 + Level 25.9 Fighting
 - Level 18.0 Axes
 + Level 25.1 Armour
 - Level 12.0 Dodging
 + Level 25.2 Shields
 O Level 27 Invocations
 - Level 12.0 Evocations


You had 26 spell levels left.
You didn't know any spells.
Your spell library contained the following spells:

 Spells                   Type           Power      Damage    Failure   Level
 Apportation              Tloc           0%         N/A       86%         1
 Foxfire                  Conj/Fire      0%         2x1d4     86%         1
 Freeze                   Ice            0%         1d3       86%         1
 Magic Dart               Conj           0%         1d3       86%         1
 Necrotise                Necr           0%         1d4       86%         1
 Shock                    Conj/Air       0%         1d3       86%         1
 Slow                     Hex            0%         N/A       86%         1
 Sting                    Conj/Alch      0%         1d3       86%         1
 Summon Small Mammal      Summ           0%         N/A       86%         1
 Blink                    Tloc           0%         N/A       94%         2
 Call Imp                 Summ           0%         N/A       94%         2
 Ensorcelled Hibernation  Hex/Ice        0%         N/A       94%         2
 Lesser Beckoning         Tloc           0%         N/A       94%         2
 Mercury Vapours          Alch/Air       0%         N/A       94%         2
 Searing Ray              Conj           0%         2d4       94%         2
 Static Discharge         Conj/Air       0%         3-3/arc   94%         2
 Sublimation of Blood     Necr           0%         N/A       94%         2
 Call Canine Familiar     Summ           0%         N/A       99%         3
 Confusing Touch          Hex            0%         N/A       99%         3
 Dazzling Flash           Conj/Hex       0%         N/A       99%         3
 Frozen Ramparts          Ice            0%         1d1       99%         3
 Fugue of the Fallen      Necr           0%         N/A       99%         3
 Gell's Gravitas          Tloc           0%         N/A       99%         3
 Hailstorm                Conj/Ice       0%         3d5       99%         3
 Inner Flame              Hex/Fire       0%         N/A       99%         3
 Mephitic Cloud           Conj/Alch/Air  0%         N/A       99%         3
 Ozocubu's Armour         Ice            0%         N/A       99%         3
 Passwall                 Erth           0%         N/A       99%         3
 Sigil of Binding         Hex            0%         N/A       99%         3
 Summon Ice Beast         Ice/Summ       0%         N/A       99%         3
 Swiftness                Air            0%         N/A       99%         3
 Tukima's Dance           Hex            0%         N/A       99%         3
 Vampiric Draining        Necr           0%         2d6       99%         3
 Volatile Blastmotes      Fire/Tloc      0%         2d10      99%         3
 Airstrike                Air            0%         2d(0-16)  100%        4
 Anguish                  Hex/Necr       0%         N/A       100%        4
 Animate Dead             Necr           0%         N/A       100%        4
 Brom's Barrelling Bould  Conj/Erth      0%         2d3       100%        4
 Cause Fear               Hex            0%         N/A       100%        4
 Dimensional Bullseye     Hex/Tloc       0%         N/A       100%        4
 Flame Wave               Conj/Fire      0%         2d4       100%        4
 Fulminant Prism          Conj/Alch      0%         3d5       100%        4
 Ignite Poison            Fire/Alch      0%         N/A       100%        4
 Iskenderun's Mystic Bla  Conj/Tloc      0%         2d3       100%        4
 Leda's Liquefaction      Alch/Erth      0%         N/A       100%        4
 Manifold Assault         Tloc           0%         N/A       100%        4
 Martyr's Knell           Necr/Summ      0%         N/A       100%        4
 Olgreb's Toxic Radiance  Alch           0%         N/A       100%        4
 Passage of Golubria      Tloc           0%         N/A       100%        4
 Sticky Flame             Fire/Alch      0%         2d4       100%        4
 Summon Blazeheart Golem  Fire/Summ      0%         N/A       100%        4
 Summon Lightning Spire   Summ/Air       0%         N/A       100%        4
 Borgnjor's Vile Clutch   Necr/Erth      0%         N/A       100%        5
 Curse of Agony           Necr           0%         N/A       100%        5
 Fireball                 Conj/Fire      0%         3d3       100%        5
 Irradiate                Conj/Alch      0%         3d11      100%        5
 Iskenderun's Battlesphe  Conj           0%         2d6       100%        5
 Lee's Rapid Deconstruct  Erth           0%         3d4*      100%        5
 Metabolic Englaciation   Hex/Ice        0%         N/A       100%        5
 Silence                  Hex/Air        0%         N/A       100%        5
 Summon Forest            Summ/Tloc      0%         N/A       100%        5
 Summon Mana Viper        Hex/Summ       0%         N/A       100%        5
 Yara's Violent Unravell  Hex/Alch       0%         3d3       100%        5
 Bombard                  Conj/Erth      0%         9d1       100%        6
 Death Channel            Necr           0%         N/A       100%        6
 Dispersal                Tloc           0%         N/A       100%        6
 Sculpt Simulacrum        Ice/Alch       0%         N/A       100%        6
 Starburst                Conj/Fire      0%         6d3       100%        6
 Haunt                    Necr/Summ      0%         N/A       100%        7
 Malign Gateway           Summ/Tloc      0%         N/A       100%        7
 Monstrous Menagerie      Summ           0%         N/A       100%        7
 Ozocubu's Refrigeration  Ice            0%         4d7       100%        7
 Spellforged Servitor     Conj/Summ      0%         N/A       100%        7
 Summon Hydra             Summ           0%         N/A       100%        7
 Discord                  Hex            0%         N/A       100%        8
 Disjunction              Tloc           0%         N/A       100%        8
 Ignition                 Fire           0%         3d3       100%        8
 Maxwell's Capacitive Co  Air            0%         ∞         100%        8
 Summon Horrible Things   Summ           0%         N/A       100%        8
 Death's Door             Necr           0%         N/A       100%        9
 Dragon's Call            Summ           0%         N/A       100%        9
 Polar Vortex             Ice            0%         N/A       100%        9


Dungeon Overview and Level Annotations

Branches:
Dungeon (15/15)            Temple (1/1) D:4            Lair (5/5) D:9
 Shoals (4/4) Lair:2       Spider (4/4) Lair:3        Slime (0/5) Lair:4
    Orc (2/2) D:12            Elf (3/3) Orc:2        Vaults (5/5) D:14
  Crypt (3/3) Vaults:2       Tomb (0/3) Crypt:3      Depths (4/4) D:15
    Zot (5/5) Depths:4      IceCv (visited)         Volcano (visited)
Gauntlet (visited)

Altars:
Ashenzari
Cheibriados
Dithmenos
Elyvilon
Fedhas
Gozag
Hepliaklqana
Kikubaaqudgha
Makhleb
Nemelex Xobeh
Okawaru
Qazlal
Ru
Sif Muna
Trog
Uskayaw
Vehumet
Wu Jian
Xom
Yredelemnul
Zin
The Shining One
Beogh

Shops:
D:4 ?   D:8 !   D:15 *   Orc:2 *[=[   Elf:2 *   Elf:3 =:=:   Vaults:2 [
Vaults:3 *

Portals:
Hell: Depths:1 Depths:2 Depths:3 Depths:4
Abyss: Depths:2 Depths:3 Depths:4
Pandemonium: Depths:2
Ziggurat: Depths:1

Annotations:
D:4 1 runed translucent door, HourglassMan's ghost, amateur DsNe
Lair:1 exclusion: oklob plant
Lair:2 3 runed translucent doors, Qoesoec's ghost, journeyman GrFi; Trobe's ghost, journeyman HOFi
Depths:3 2 transporters


Innate Abilities, Weirdness & Mutations

You are somewhat resistant to further mutation.


Message History

There is a stone staircase leading down here.
There is a stone staircase leading up here.
You fly upwards.
There is a stone staircase leading down here.
There is an escape hatch in the floor here.
A toenail golem comes into view.
What level of the Dungeon? (default 1, ? - help)
Okay, then.
Things that are here:
a +0 leather armour; a +0 whip The toenail golem is engulfed in blazing flames.
You slash the toenail golem! You freeze the toenail golem.
The toenail golem is heavily damaged.
You hit the toenail golem.
The toenail golem is heavily damaged.
You block the toenail golem's attack.
You slice the toenail golem!! You freeze the toenail golem.
The toenail golem is almost destroyed.
You block the toenail golem's attack.
You hit the toenail golem.
You destroy the toenail golem!
Qazlal accepts your kill.
No target in view!
What level of the Dungeon? (default 1, ? - help)
There is a stone staircase leading up here.
You fly upwards.
There is a stone staircase leading down here.
Things that are here:
a +0 club; a +0 dagger; a +0 dagger
There is a stone staircase leading up here.
You fly upwards.
HP restored.
There is a stone staircase leading down, spattered with blood here.
Things that are here:
a +0 animal skin; a +0 dagger You see here a +0 short sword.
There is an open door here.
There is an open door here.
There is an open door here.
There is a staircase leading out of the dungeon here.
You have escaped!

#....########.########......#
#...## ###......)### ##...#.##
####..## ##...........## ##.....#
......# ##.[..#####....## #..#..#
...#..# #[..#########...# #..#...
##...####..##.......##..####.##.#
###.# #...#..##☼##..#...# #.##.#
# #.# #..##.##...##.##..# #....#
####.# #..##.##.@○##.##..# #.....
.....# #..##.##.○.##.##..# #.####
####.# #...#..#####..#...# #.#
####.####..##.......##..####.# ##
......# #...####.####...# #..# #.
####..# ##....##'##..|.## #..# #.
# #..## ##...........## ##..# #.
####...## ###.......### ##...###.
........#################........


There were no monsters in sight!

Vanquished Creatures
  3 dread liches
  2 orbs of fire (Zot:5)
  Tiamat (Zot:1)
  3 ancient liches (Zot:5)
  Mara (Vaults:4)
  Sojobo (Crypt:3)
  Bai Suzhen (Shoals:4)
  7 Killer Klowns
  2 curse toes (Zot:5)
  9 golden dragons
  Nikola (Spider:1)
  3 doom hounds (Zot:2)
  3 bone dragons
  Arachne (Spider:1)
  3 electric golems
  18 tentacled monstrosities
  24 Orb Guardians (Zot:5)
  An Ice Fiend (Zot:2)
  5 liches
  A walking earthen tome (Depths:3)
  3 walking frostbound tomes
  Grunn (Zot:2)
  A deep elf master archer (Elf:3)
  3 deep elf blademasters (Elf:3)
  6 titans
  3 quicksilver dragons
  4 krakens
  7 sphinxes
  4 death cobs
  3 ancient champions
  2 tentacled starspawn (Abyss:3)
  14 shadow dragons
  10 storm dragons
  6 tengu reavers
  5 revenants
  5 draconian knights
  Roxanne (Shoals:1)
  A protean progenitor (Zot:2)
  2 azure jellies (Elf:1)
  7 draconian monks
  11 frost giants
  7 fire giants
  5 deep elf sorcerers (Elf:3)
  17 vault wardens
  4 draconian shifters
  4 draconian scorchers
  4 emperor scorpions (Spider:4)
  4 ghost moths
  An iron dragon (Depths:1)
  A juggernaut zombie (Crypt:3)
  3 curse skulls
  6 deep elf elementalists
  3 reapers
  22 ghouls
  6 draconian stormcallers
  24 ironbound preservers
  2 broodmothers
  9 draconian annihilators
  2 spriggan defenders (Depths:2)
  2 orc warlords
  2 caustic shrike skeletons
  20 stone giants
  8 deep elf demonologists
  4 formless jellyfish
  10 green draconians
  8 very ugly things
  2 ironbound thunderhulks
  20 vampire knights
  Nessos (D:14)
  An elemental wellspring (Shoals:1)
  2 war gargoyles (Vaults:3)
  5 deep elf death magi
  17 spark wasps
  9 purple draconians
  7 deep elf annihilators
  10 white draconians
  14 black draconians
  A minotaur (Gauntlet)
  A dire elephant (Vaults:4)
  4 eidola
  12 red draconians
  12 yellow draconians
  3 crystal guardians
  5 jiangshi
  4 merfolk javelineers (Shoals:4)
  6 ettins
  7 merfolk impalers
  7 fire dragons
  An entropy weaver (shapeshifter) (D:13)
  3 entropy weavers
  A spectral spriggan (Depths:2)
  7 deep elf high priests
  8 great orbs of eyes
  6 ice dragons
  10 yaktaur captains
  36 vault guards
  2 peacekeepers (Vaults:3)
  2 hell beasts
  4 rakshasas
  2 caustic shrike simulacra (Elf:1)
  3 salamander tyrants (Depths:3)
  4 spriggan air magi
  5 hydras
  4 death knights
  3 alligator snapping turtles (Shoals:4)
  A juggernaut simulacrum (Elf:1)
  A merfolk avatar (Shoals:1)
  2 ogre magi (Vaults:5)
  13 ironbound frosthearts
  A jorogumo (Spider:3)
  5 boulder beetles
  3 ghost crabs (Elf:1)
  A radroach (Spider:1)
  33 dancing weapons
  15 centaur warriors
  A merfolk aquamancer (Shoals:2)
  A satyr (Shoals:4)
  5 tengu warriors
  4 deep troll earth magi
  2 titan zombies (Crypt:3)
  5 two-headed ogres
  4 deep troll shamans
  5 hell hogs
  5 death yaks
  11 demonic crawlers
  3 thrashing horrors
  A shock serpent (Elf:1)
  8 vampire magi
  4 orc high priests
  12 starcursed masses
  6 spriggan berserkers
  An occultist (D:13)
  13 deep elf knights
  8 hell knights
  9 soul eaters
  An emperor scorpion zombie (Crypt:3)
  A salamander mystic (Depths:3)
  28 skeletal warriors
  A wretched star (Abyss:3)
  2 iron trolls (Depths:2)
  3 skysharks
  A sixfirhy (D:7)
  A bunyip zombie (Crypt:3)
  2 fire crabs (Elf:1)
  A shadow wraith (Crypt:3)
  A deep troll (shapeshifter) (Depths:3)
  3 pharaoh ants
  A swamp dragon (shapeshifter) (Vaults:5)
  7 sea snakes
  A kraken simulacrum (Shoals:4)
  35 deep trolls
  6 bog bodies
  15 deep elf archers
  A mana viper (shapeshifter) (Depths:1)
  3 sun moths
  5 arcanists
  4 flayed ghosts
  17 ironbound convokers
  4 orb spiders
  An anaconda zombie (Crypt:3)
  6 steelbarb worms
  9 large abominations
  A golden dragon skeleton (Elf:1)
  10 harpies
  4 glowing orange brains
  14 orc knights
  22 phantasmal warriors
  A death drake (shapeshifter) (D:15)
  4 lightning spires (Elf:1)
  35 deep elf pyromancers
  A shadow dragon zombie (Crypt:2)
  29 deep elf zephyrmancers
  10 lindwurms
  9 necromancers
  5 orc sorcerers
  15 manticores
  A stone giant zombie (Vaults:3)
  An oklob plant (Lair:4)
  8 salamanders (Depths:3)
  2 will-o-the-wisps
  3 worldbinders (Elf:1)
  30 ugly things
  22 wolf spiders
  5 cyclopes
  5 fauns
  2 human zombies
  A frost giant skeleton (Vaults:4)
  3 merfolk sirens
  6 meliai
  A meliai (shapeshifter) (D:14)
  2 torpor snails
  A toenail golem (D:3)
  3 ice statues
  A centaur zombie (Crypt:3)
  An iron dragon skeleton (Elf:1)
  An apocalypse crab (Abyss:3)
  An elephant (D:8)
  4 water nymphs (Shoals:1)
  32 moths of wrath
  A storm dragon simulacrum (Vaults:3)
  A titan simulacrum (Elf:1)
  19 vault sentinels
  3 molten gargoyles
  4 gargoyles
  An eye of devastation (shapeshifter) (Vaults:5)
  9 cane toads
  2 minotaur zombies
  3 rime drakes
  A cane toad (shapeshifter) (Depths:1)
  An unseen horror (D:10)
  Maggie (D:8)
  An efreet (Abyss:3)
  A bunyip simulacrum (Elf:1)
  A yaktaur (shapeshifter) (Elf:1)
  2 redback zombies
  A red devil (Abyss:3)
  3 tengu conjurers
  5 komodo dragons
  An ancient zyme (Abyss:3)
  An unseen horror skeleton (Crypt:3)
  7 freezing wraiths
  26 yaktaurs
  2 harpy zombies (Crypt:3)
  2 merfolk (shapeshifter)
  A pale draconian skeleton (Crypt:2)
  3 wind drakes
  A golden dragon simulacrum (Elf:1)
  3 polar bears (Lair:5)
  A hydra skeleton (Crypt:2)
  A hellwing (Abyss:3)
  3 queen bees (shapeshifter) (Depths:1)
  5 trolls
  28 merfolk
  4 hornets
  3 saltlings (Orc:2)
  9 raiju
  10 tarantellas
  14 blink frogs
  A dream sheep (Lair:5)
  7 snapping turtles
  A blink frog (shapeshifter) (Depths:1)
  2 glass eyes (Depths:3)
  A fire dragon skeleton (Crypt:3)
  4 centaur simulacra
  19 culicivoras
  39 slime creatures
  3 shadows (Gauntlet)
  23 jumping spiders
  21 wraiths
  17 water elementals
  2 wyverns
  4 air elementals
  12 spriggans
  An alligator snapping turtle simulacrum (Shoals:4)
  A basilisk (Lair:2)
  A slime creature zombie (Crypt:1)
  3 dire elephant simulacra (IceCv)
  2 fire bats (Volcano)
  6 steam dragons
  A neqoxec (Abyss:3)
  A golden eye (shapeshifter) (Depths:1)
  A vampire mosquito (D:9)
  46 yaks
  A warg (shapeshifter) (D:13)
  40 redbacks
  A redback simulacrum (Gauntlet)
  2 sea snake simulacra (Shoals:4)
  A chaos spawn (Abyss:3)
  3 wargs (Orc:2)
  2 spatial vortices (Elf:1)
  A death yak simulacrum (IceCv)
  4 harpy simulacra
  Menkaure (D:4)
  A naga zombie (Crypt:3)
  4 small abominations
  9 water moccasins
  3 hell hounds
  A water nymph skeleton (Crypt:2)
  A fire bat skeleton (Crypt:2)
  An acid dragon (D:9)
  4 hydra simulacra
  A naga skeleton (Crypt:3)
  A sky beast (D:8)
  A black bear (shapeshifter) (Depths:1)
  27 orc warriors
  39 laughing skulls
  2 ice beasts
  3 ettin simulacra (Depths:2)
  A fire dragon simulacrum (Elf:1)
  11 black bears
  6 ogres
  A wolf (shapeshifter) (Depths:4)
  2 satyr simulacra (Shoals:4)
  4 centaurs
  A snapping turtle skeleton (Crypt:2)
  8 boggarts
  28 wolves
  4 kobold brigands
  12 bullfrogs
  3 necrophages
  5 two-headed ogre simulacra (IceCv)
  3 cane toad simulacra (IceCv)
  5 earth elementals
  6 gnoll sergeants
  A salamander skeleton (Crypt:2)
  8 scorpions
  2 merfolk simulacra (Shoals:4)
  A deep troll simulacrum (Elf:1)
  3 faun simulacra (Shoals:4)
  An entropy weaver simulacrum (Vaults:4)
  8 wights
  A cyclops skeleton (Crypt:3)
  3 spriggan zombies
  3 manticore simulacra (Shoals:4)
  2 snapping turtle simulacra (Shoals:4)
  3 killer bees (D:9)
  An elephant simulacrum (IceCv)
  2 electric eels
  3 howler monkeys
  8 lava snakes
  A bullfrog skeleton (Crypt:2)
  9 jellies
  13 orc priests
  2 gnoll boudas (D:9)
  A human skeleton (Crypt:1)
  2 iron imps (Abyss:3)
  4 hounds
  2 iguanas (D:6)
  2 sleepcaps (D:6)
  A centaur skeleton (Crypt:2)
  2 cyclops simulacra (Shoals:4)
  A scorpion zombie (Crypt:3)
  Terence (D:2)
  16 orc wizards
  3 spriggan simulacra (IceCv)
  2 polar bear simulacra (IceCv)
  7 troll simulacra (IceCv)
  5 wolf simulacra (IceCv)
  An acid dragon zombie (Crypt:1)
  A tengu skeleton (Crypt:2)
  A tengu zombie (Crypt:3)
  Robin (D:1)
  31 gnolls
  7 adders
  4 naga simulacra (IceCv)
  A shadow imp (Depths:4)
  5 white imps
  6 ufetubi (IceCv)
  A jelly zombie (Crypt:1)
  An adder skeleton (Crypt:3)
  4 dart slugs
  3 ribbon worms
  66 orcs
  4 bats
  14 endoplasms
  5 giant cockroaches
  15 goblins
  12 hobgoblins
  4 quokkas
  8 ball pythons
  6 frilled lizards
  A jackal zombie (Crypt:3)
  19 kobolds
  A rat (D:3)
  4 butterflies (Lair:2)
  2 lurking horrors (Abyss:3)
  4 starspawn tentacles (Abyss:3)
  11 tentacles
2282 creatures vanquished.

Vanquished Creatures (collateral kills)
  A Killer Klown (Zot:5)
  A curse toe (Zot:5)
  Jorgrun (Spider:1)
  A tentacled monstrosity (Zot:1)
  A death cob (Zot:5)
  A tengu reaver (Crypt:3)
  A draconian knight (Zot:1)
  A vault warden (Vaults:4)
  An ironbound thunderhulk (Vaults:1)
  Josephine (D:11)
  A hydra (Lair:2)
  3 vault guards
  A boulder beetle (Spider:1)
  A radroach (Spider:4)
  An ironbound frostheart (Vaults:2)
  2 dancing weapons
  A merfolk aquamancer (Shoals:4)
  5 death yaks
  A demonic crawler (Spider:1)
  A pharaoh ant (Spider:1)
  2 deep trolls (Vaults:2)
  A lindwurm (Vaults:2)
  A deep elf pyromancer (Elf:2)
  An ugly thing (D:13)
  A moth of wrath (Zot:5)
  A black mamba (Lair:5)
  2 cane toads
  A komodo dragon (Lair:4)
  A rime drake (Lair:5)
  A merfolk (Shoals:4)
  3 polar bears (Lair:5)
  A tarantella (Spider:4)
  2 jumping spiders (Spider:4)
  2 yaks (Lair:5)
  3 wraiths (D:11)
  4 redbacks
  4 water moccasins
  A black bear (Lair:3)
  A wolf (Lair:5)
60 creatures vanquished.

Vanquished Creatures (others)
  An Orb Guardian (Zot:5)
  An eldritch tentacle (Elf:1)
  A draconian knight (Zot:2)
  A caustic shrike skeleton (Elf:1)
  A deep elf annihilator (Elf:3)
  A merfolk javelineer (Shoals:4)
  A deep elf knight (Elf:2)
  2 harpies
  3 deep elf zephyrmancers
  3 deep elf pyromancers
  A culicivora (Spider:2)
  A water elemental (Depths:2)
  2 redbacks (Spider:2)
  An orc warrior (D:14)
  3 orc wizards
  4 foxfires
  4 starspawn tentacles (Abyss:3)
  18 tentacles
49 creatures vanquished.

Grand Total: 2391 creatures vanquished

Notes
Turn   | Place    | Note
-------+----------+-------------------------------------------
     0 | D:1      | MacCMillion the Hill Orc Fighter began the quest for the
                  | Orb.
     0 | D:1      | Reached XP level 1. HP: 19/19 MP: 1/1
   244 | D:1      | Reached XP level 2. HP: 26/26 MP: 2/2
   771 | D:1      | Reached XP level 3. HP: 24/31 MP: 3/3
  1117 | D:2      | Noticed Robin
  1168 | D:1      | Killed Robin
  1185 | D:2      | Reached XP level 4. HP: 34/39 MP: 4/4
  1202 | D:2      | Found an ornate altar of the Wu Jian Council.
  1215 | D:2      | Reached skill level 5 in Axes
  1485 | D:2      | Found a faded altar of an unknown god.
  1562 | D:2      | Noticed Terence
  1579 | D:2      | Killed Terence
  1924 | D:2      | Reached XP level 5. HP: 44/45 MP: 5/5
  2216 | D:2      | Found an ornate altar of the Wu Jian Council.
  2278 | D:2      | Found a faded altar of an unknown god.
  2839 | D:3      | Found a hide-covered altar of Uskayaw.
  2842 | D:3      | Found a radiant altar of Vehumet.
  3412 | D:4      | Reached XP level 6. HP: 48/51 MP: 6/6
  3532 | D:4      | Found a staircase to the Ecumenical Temple.
  3581 | Temple   | Entered the Ecumenical Temple
  3603 | Temple   | Became a worshipper of Qazlal Stormbringer
  3665 | D:4      | Found a runed translucent door.
  3685 | D:4      | Noticed HourglassMan's ghost (amateur DsNe)
  3704 | D:4      | Found Soasch's Magic Scroll Boutique.
  3767 | D:4      | Bought a scroll of identify for 20 gold pieces
  3767 | D:4      | Bought a scroll of identify for 20 gold pieces
  3767 | D:4      | Bought a scroll of identify for 20 gold pieces
  3767 | D:4      | Bought a scroll of blinking for 75 gold pieces
  3906 | D:4      | Noticed Menkaure
  3940 | D:4      | Killed Menkaure
  4106 | D:4      | Reached XP level 7. HP: 57/57 MP: 7/7
  4567 | D:5      | Entered Level 5 of the Dungeon
  4594 | D:5      | Reached skill level 10 in Axes
  4816 | D:5      | Reached skill level 1 in Invocations
  4937 | D:5      | Found a bloodstained altar of Trog.
  4956 | D:5      | Reached skill level 1 in Dodging
  5047 | D:5      | Reached skill level 2 in Invocations
  5047 | D:5      | Reached XP level 8. HP: 32/67 MP: 9/9
  5334 | D:5      | Found a glowing silver altar of Zin.
  5335 | D:5      | Noticed an angel
  5578 | D:6      | Reached * piety under Qazlal
  5625 | D:6      | Reached skill level 3 in Invocations
  5767 | D:6      | Reached skill level 5 in Fighting
  6051 | D:6      | Reached skill level 4 in Invocations
  6110 | D:6      | Reached skill level 5 in Armour
  6541 | D:6      | Reached XP level 9. HP: 75/75 MP: 12/12
  6625 | D:6      | Reached skill level 5 in Invocations
  6856 | D:7      | Reached skill level 1 in Evocations
  6882 | D:7      | Reached skill level 6 in Invocations
  6996 | D:7      | Found a shimmering altar of Xom.
  7074 | D:7      | Found an ornate altar of the Wu Jian Council.
  7113 | D:7      | Reached ** piety under Qazlal
  7493 | D:8      | Reached XP level 10. HP: 86/86 MP: 13/15
  7501 | D:8      | Reached skill level 7 in Invocations
  7933 | D:8      | Noticed Maggie
  8175 | D:8      | Killed Maggie
  8446 | D:8      | Reached skill level 8 in Invocations
  8650 | D:8      | Found Karphib's Distillery.
  8657 | D:8      | Bought a potion of heal wounds for 65 gold pieces
  8657 | D:8      | Bought a potion of might for 52 gold pieces
  9201 | D:9      | Found a hazy altar of Hepliaklqana.
  9201 | D:9      | Found a sparkling altar of Nemelex Xobeh.
  9273 | D:9      | Noticed an elephant
  9310 | D:8      | Killed an elephant
  9578 | D:9      | Reached skill level 9 in Invocations
  9578 | D:9      | Reached XP level 11. HP: 88/97 MP: 17/17
  9992 | D:9      | Found a shadowy altar of Dithmenos.
 10103 | D:9      | Reached *** piety under Qazlal
 10346 | D:8      | Found an opulent altar of Gozag.
 10448 | D:9      | Found a staircase to the Lair.
 10545 | D:10     | Entered Level 10 of the Dungeon
 10639 | D:10     | Noticed a two-headed ogre
 10645 | D:10     | Killed a two-headed ogre
 10825 | D:10     | Reached skill level 10 in Fighting
 10825 | D:10     | Reached skill level 10 in Invocations
 11787 | D:10     | Identified the scarf "Ziwkuare" {shadows, rElec Str-3 Int+8
                  | Stlth+}
 12085 | D:11     | Identified the +2 leather armour "Testrad" {Int+4}
 12166 | D:11     | Found a frozen archway.
 12174 | D:11     | Reached skill level 10 in Armour
 12194 | IceCv    | Entered an ice cave
 12357 | IceCv    | Reached skill level 15 in Axes
 12364 | IceCv    | Reached **** piety under Qazlal
 12387 | IceCv    | Reached skill level 5 in Shields
 12755 | IceCv    | Reached XP level 12. HP: 79/106 MP: 19/19
 13530 | IceCv    | Identified the ring "Ihulach" {Int+6 Dex+3}
 13688 | D:11     | Noticed Josephine
 13695 | D:11     | Killed Josephine
 13768 | D:11     | Noticed a two-headed ogre
 13778 | D:11     | Killed a two-headed ogre
 13883 | D:11     | Noticed a boulder beetle
 14007 | D:11     | Noticed a centaur warrior
 14009 | D:11     | Killed a boulder beetle
 14016 | D:11     | Killed a centaur warrior
 14690 | Lair:1   | Entered Level 1 of the Lair of Beasts
 14958 | Lair:1   | Reached skill level 10 in Shields
 15255 | Lair:1   | Reached XP level 13. HP: 55/113 MP: 20/20
 15998 | Lair:2   | Found a dark tunnel.
 16004 | Volcano  | Entered a volcano
 16312 | Volcano  | Found a bloodstained altar of Trog.
 17110 | Lair:2   | Found a runed translucent gate.
 17111 | Lair:2   | Found a runed translucent gate.
 17119 | Lair:2   | Found a runed translucent gate.
 17123 | Lair:2   | Noticed Trobe's ghost (journeyman HOFi)
 17123 | Lair:2   | Noticed Qoesoec's ghost (journeyman GrFi)
 17395 | Lair:2   | Found a staircase to the Shoals.
 17866 | Lair:3   | Found a hole to the Spider Nest.
 18026 | Lair:3   | Found a stormy altar of Qazlal.
 18905 | Lair:4   | Found a staircase to the Slime Pits.
 19415 | Lair:4   | Reached XP level 14. HP: 121/121 MP: 21/21
 20118 | Lair:5   | Entered Level 5 of the Lair of Beasts
 21069 | Lair:5   | Paralysed by a hornet for 2 turns
 21364 | Lair:5   | Identified the +1 chain mail of Beogh's Wrath {rElec MP-9
                  | Int+6}
 22702 | D:12     | Reached skill level 15 in Armour
 22702 | D:12     | Reached skill level 15 in Shields
 22907 | D:12     | Found a staircase to the Orcish Mines.
 23097 | D:12     | Found a sacrificial altar of Ru.
 23306 | Orc:1    | Entered Level 1 of the Orcish Mines
 23627 | Orc:2    | Entered Level 2 of the Orcish Mines
 23778 | Orc:2    | Found a roughly hewn altar of Beogh.
 23917 | Orc:2    | Reached skill level 11 in Invocations
 24341 | Orc:2    | Found a staircase to the Elven Halls.
 24446 | Orc:2    | Found Vozxaddi's Assorted Antiques.
 24483 | Orc:2    | Bought a scroll labelled GOUMUI XESETZOHOE for 34 gold
                  | pieces
 24483 | Orc:2    | Bought a scroll labelled XEWUP WITEWNAUG for 34 gold pieces
 24483 | Orc:2    | Bought a sapphire potion for 30 gold pieces
 24496 | Orc:2    | Found Surex's Jewellery Shoppe.
 24497 | Orc:2    | Noticed an orc warlord
 24960 | Orc:2    | Reached XP level 15. HP: 130/130 MP: 23/23
 24979 | Orc:2    | Killed an orc warlord
 24982 | Orc:2    | Found a roughly hewn altar of Beogh.
 25018 | Orc:2    | Found Wuurergh's Antique Armour Shoppe.
 25079 | Orc:2    | Reached skill level 12 in Invocations
 25098 | Orc:2    | Reached skill level 13 in Invocations
 25098 | Orc:2    | Reached XP level 16. HP: 115/141 MP: 25/25
 25156 | Orc:2    | Found Relajy's Antique Armour Boutique.
 25575 | D:13     | Found a gate leading to a gauntlet.
 25594 | Gauntlet | Entered a Gauntlet
 25594 | Gauntlet | Found a transporter.
 25594 | Gauntlet | Found a transporter.
 25605 | Gauntlet | Found a transporter.
 25614 | Gauntlet | Found a transporter.
 25636 | Gauntlet | Found a transporter.
 25643 | Gauntlet | Found a transporter.
 25725 | Gauntlet | Found a transporter.
 25740 | Gauntlet | Found a transporter.
 25742 | Gauntlet | Found a large runed translucent door.
 25743 | Gauntlet | Found a large runed translucent door.
 25744 | Gauntlet | Found a large runed translucent door.
 25744 | Gauntlet | Found a large runed translucent door.
 25757 | Gauntlet | Found a transporter.
 25769 | Gauntlet | Found a transporter.
 25788 | Gauntlet | Found a transporter.
 25802 | Gauntlet | Found a large runed translucent door.
 25855 | Gauntlet | Found a transporter.
 25857 | Gauntlet | Found a large runed translucent door.
 25858 | Gauntlet | Found a large runed translucent door.
 25859 | Gauntlet | Found a large runed translucent door.
 25859 | Gauntlet | Found a large runed translucent door.
 25859 | Gauntlet | Found a runed translucent door.
 25859 | Gauntlet | Found a runed translucent door.
 25860 | Gauntlet | Found a transporter.
 25861 | Gauntlet | Found a large runed translucent door.
 25862 | Gauntlet | Found a large runed translucent door.
 25863 | Gauntlet | Found a large runed translucent door.
 25863 | Gauntlet | Found a large runed translucent door.
 25864 | Gauntlet | Found a runed translucent gate.
 25868 | Gauntlet | Found a transporter.
 25876 | Gauntlet | Found a transporter.
 25900 | Gauntlet | Found a transporter.
 25999 | Gauntlet | Identified the +1 helmet "Angerr" {+Inv Fly rC-}
 26065 | Gauntlet | Identified the amulet "Wyor" {Spirit Harm ^Fragile Slay+5
                  | SInv}
 26092 | Gauntlet | Identified the +4 ring mail of Warghukel {rElec rC+ rCorr}
 26279 | D:13     | Identified the +1 pair of gloves of Puckish Freedom {rF-
                  | Regen+ Int+4}
 27069 | D:13     | Reached skill level 14 in Invocations
 27411 | D:13     | Identified the ring "Usab" {Fire rN+ Dex-4 Stlth+}
 27541 | D:13     | Identified the amulet "Vipp" {Faith Fly rF++ Int+3 Stlth-}
 27555 | D:13     | Identified the ring "Riedet" {Will+ Str+6 SInv Stlth+}
 27566 | D:13     | Identified the ring "Udomol" {rF- rC+ Str+6 Dex+6}
 27773 | D:14     | Noticed Nessos
 27796 | D:13     | Reached skill level 15 in Invocations
 27853 | D:14     | Killed Nessos
 28002 | D:14     | Reached skill level 15 in Fighting
 29248 | Orc:2    | Bought a scroll of identify for 68 gold pieces
 29505 | D:8      | Bought a potion of enlightenment for 65 gold pieces
 29505 | D:8      | Bought a potion of haste for 130 gold pieces
 29635 | D:4      | Bought a scroll of fog for 40 gold pieces
 29635 | D:4      | Bought a scroll of revelation for 75 gold pieces
 29635 | D:4      | Bought a scroll of brand weapon for 95 gold pieces
 29873 | D:14     | Found a white marble altar of Elyvilon.
 29873 | D:14     | Found a glowing silver altar of Zin.
 29873 | D:14     | Found a glowing golden altar of the Shining One.
 29966 | D:14     | Found a gate to the Vaults.
 30021 | D:15     | Entered Level 15 of the Dungeon
 30198 | D:15     | Found Bivubb's Assorted Antiques.
 30694 | D:15     | Reached skill level 16 in Invocations
 31622 | D:15     | Reached XP level 17. HP: 156/156 MP: 29/29
 31714 | D:15     | Found a staircase to the Depths.
 31963 | Spider:1 | Entered Level 1 of the Spider Nest
 31970 | Spider:1 | Noticed Jorgrun
 32313 | Spider:1 | Killed Jorgrun
 33242 | Spider:1 | Reached ***** piety under Qazlal
 33470 | Spider:2 | Noticed Nikola
 33472 | Spider:2 | Noticed Arachne
 33799 | Spider:1 | Killed Arachne
 35026 | Spider:1 | Killed Nikola
 35027 | Spider:1 | Reached skill level 17 in Invocations
 36579 | Spider:2 | Found a roughly hewn altar of Beogh.
 37523 | Spider:3 | Identified the +10 whip of Dissatisfaction {freeze, *Noise
                  | Int+4 Dex+2}
 37953 | Spider:4 | Entered Level 4 of the Spider Nest
 38345 | Spider:4 | Reached skill level 18 in Invocations
 38891 | Spider:4 | Reached XP level 18. HP: 157/163 MP: 0/31
 39190 | Spider:4 | Gained mutation: You are dopey. (Int -2) [mutagenic glow]
 39199 | Spider:4 | Gained mutation: You are weak. (Str -2) [mutagenic glow]
 39658 | Spider:4 | Reached skill level 19 in Invocations
 39895 | Spider:4 | Got a gossamer rune of Zot
 39899 | Spider:4 | Identified the +2 hat of Charity {Dex+4}
 40350 | Shoals:1 | Entered Level 1 of the Shoals
 40350 | Shoals:1 | Noticed Roxanne
 40680 | Shoals:1 | Killed Roxanne
 43685 | Shoals:3 | Reached skill level 20 in Invocations
 44073 | Shoals:4 | Entered Level 4 of the Shoals
 44073 | Shoals:4 | Found a runed translucent gate.
 44073 | Shoals:4 | Found a runed translucent gate.
 44073 | Shoals:4 | Found a runed translucent gate.
 45177 | Shoals:4 | Reached XP level 19. HP: 161/170 MP: 33/33
 45310 | Shoals:4 | Got a barnacled rune of Zot
 45698 | Shoals:4 | Noticed Bai Suzhen
 45714 | Shoals:4 | Killed Bai Suzhen
 45986 | Shoals:4 | Got the Folio of the Excruciating Storm
 45990 | Shoals:4 | Identified the +5 robe "Dupyunao" {rC+ Regen+ Int+3 Dex-3}
 46966 | Elf:1    | Entered Level 1 of the Elven Halls
 47467 | Elf:1    | Noticed a bone dragon
 47525 | Elf:1    | Killed a bone dragon
 47685 | Elf:1    | Got the Treatise on Sinister Spells
 47826 | Elf:1    | Reached skill level 5 in Evocations
 48041 | Elf:1    | Reached ****** piety under Qazlal
 48746 | Elf:1    | Reached skill level 21 in Invocations
 48777 | Elf:1    | Got Veckoagh's Anthology of Position
 49322 | Elf:1    | Identified the +0 ring mail of a ziggurat {Harm SInv}
 49323 | Elf:1    | Got the Precepts of the Throng
 49544 | Elf:1    | Got the Catalogue of the Summer
 49742 | Elf:1    | Reached XP level 20. HP: 150/181 MP: 34/34
 49955 | Elf:1    | Paralysed by an air elemental for 1 turns
 49963 | Elf:1    | Paralysed by an air elemental for 1 turns
 49970 | Elf:1    | Paralysed by an air elemental for 1 turns
 49991 | Elf:1    | Paralysed by an air elemental for 1 turns
 49994 | Elf:1    | Paralysed by an air elemental for 1 turns
 50669 | Elf:1    | Identified the +1 ring mail of the Playwright {Will+ Dex+6}
 50670 | Elf:1    | Got Sif Muna's Reference Book on Haze
 50716 | Elf:1    | Got Ihem's Spellbook of Snow
 50776 | Elf:2    | Found Datauluv's General Store.
 50787 | Elf:2    | Bought a scroll of teleportation for 51 gold pieces
 51042 | Elf:2    | Found a runed translucent gate.
 51043 | Elf:2    | Found a runed translucent gate.
 51043 | Elf:2    | Found a runed translucent gate.
 51191 | Elf:2    | Paralysed by an air elemental for 1 turns
 52357 | Elf:2    | Identified the blade talisman "Onacapy" {Int+2}
 52689 | Elf:3    | Entered Level 3 of the Elven Halls
 52980 | Elf:3    | Identified a scroll of acquirement
 52983 | Elf:3    | Acquired the +1 helmet of the Known World {rElec rN+++
                  | Str-4 SInv}
 53582 | Elf:3    | Found Faetaq's Book Shoppe.
 53826 | Elf:3    | Found Podd's Jewellery Shoppe.
 53830 | Elf:3    | Found Poneytiura's Book Shop.
 53831 | Elf:3    | Found Woagueca's Jewellery Shoppe.
 53900 | Elf:3    | Identified the ring of Gaeposum {rC+ Will++ EV+5}
 53904 | Elf:3    | Identified the ring of Vixiqubb {rPois rF+++ rC+ Str-3
                  | SInv}
 53915 | Elf:3    | Identified the ring "Qyud" {rF+ rN+ Int+4 SInv}
 53942 | Abyss:3  | Cast into level 3 of the Abyss (a deep elf demonologist)
 53978 | Abyss:3  | Reached skill level 22 in Invocations
 54123 | Abyss:3  | Noticed a bone dragon
 54141 | Abyss:3  | Killed a bone dragon
 54187 | Abyss:3  | Reached XP level 21. HP: 146/192 MP: 36/36
 54245 | Abyss:3  | HP: 3/192 [starcursed mass/accursed screaming (16)]
 54250 | Abyss:3  | Paralysed by accursed screaming for 1 turns
 54260 | Elf:3    | Escaped the Abyss
 54963 | Elf:3    | Identified the +9 whip "Metapoh" {flame, Str+3}
 54964 | Elf:3    | Identified the staff "Woteahaa" {rElec Str+5 Int+2 Air}
 54979 | Elf:3    | Reached skill level 5 in Dodging
 55521 | Elf:3    | Identified the +1 flail of Dedenityoh {venom, Dex+5}
 55540 | Elf:3    | Got the Disquisition on the Mob and Position
 55549 | Elf:3    | Identified the +0 orcbow of the Eternal Void {flame, rPois}
 55553 | Elf:3    | Got the Precepts of Ensorcelling
 55666 | Elf:3    | Got the Folio of Gritty Calefaction
 55964 | Vaults:1 | Entered Level 1 of the Vaults
 56788 | Vaults:1 | Identified the +1 long sword of Extermination {heavy, rC++
                  | Int+3}
 56831 | Vaults:1 | Identified the +3 robe "Mepnothrirru" {Fly rElec SInv}
 57014 | Vaults:1 | Identified the +0 robe "Pimnierr" {rN+++ MP-9 Int+4 Dex-5}
 58370 | Vaults:2 | Reached skill level 23 in Invocations
 58882 | Vaults:2 | Found a staircase to the Crypt.
 59047 | Vaults:2 | Found Bomocoal's Armour Emporium.
 59123 | Vaults:2 | Reached XP level 22. HP: 174/204 MP: 37/37
 60841 | Vaults:3 | Found Ruybapn's Assorted Antiques.
 60970 | Vaults:3 | Found a roughly hewn altar of Beogh.
 60981 | Vaults:3 | Identified the +0 ring mail of Twilight {Dex+5}
 61487 | Vaults:4 | Noticed Mara
 61493 | Vaults:4 | Killed Mara
 62275 | Vaults:4 | Acquired 858 gold pieces
 63224 | Depths:1 | Entered Level 1 of the Depths
 63230 | Depths:1 | Found a basalt altar of Yredelemnul.
 63426 | Depths:1 | Reached XP level 23. HP: 220/220 MP: 38/38
 63523 | Depths:1 | Found a one-way gateway to a ziggurat.
 64234 | Depths:1 | Found a gateway to Hell.
 65584 | Depths:2 | Found a one-way gate leading to the halls of Pandemonium.
 65954 | Depths:2 | Found a hazy altar of Hepliaklqana.
 66070 | Depths:2 | Found a one-way gate to the infinite horrors of the Abyss.
 66509 | Depths:3 | Found a transporter.
 66803 | Depths:3 | Noticed a golden dragon
 66829 | Depths:2 | Killed a golden dragon
 67181 | Depths:3 | Noticed a golden dragon
 67195 | Depths:3 | Killed a golden dragon
 67217 | Depths:3 | Found a transporter.
 67726 | Depths:3 | Identified the ring of Teruoj {rCorr Int+6 Dex+4}
 67995 | Depths:3 | Found a sacrificial altar of Ru.
 67995 | Depths:3 | Noticed a golden dragon
 68002 | Depths:3 | Killed a golden dragon
 68199 | Depths:3 | Identified the ring of Jonuset {rN+ Dex+3}
 68405 | Depths:3 | Noticed a golden dragon
 68418 | Depths:3 | Killed a golden dragon
 68499 | Depths:3 | Identified the ring "Rahid" {rCorr Str+2}
 68509 | Depths:3 | Found a radiant altar of Vehumet.
 68515 | Depths:3 | Reached XP level 24. HP: 229/229 MP: 38/38
 68632 | Depths:3 | You are sucked into a shaft and drop 1 floor!
 68632 | Depths:4 | Entered Level 4 of the Depths
 68852 | Depths:4 | Found a sparkling altar of Nemelex Xobeh.
 69367 | Depths:4 | Found a gate to the Realm of Zot.
 70271 | Crypt:1  | Entered Level 1 of the Crypt
 70299 | Crypt:1  | Reached skill level 10 in Evocations
 71184 | Crypt:1  | Reached skill level 24 in Invocations
 72846 | Crypt:2  | Found a glowing golden altar of the Shining One.
 72883 | Crypt:2  | Found a burning altar of Makhleb.
 72970 | Crypt:2  | Identified the +8 trident "Lonlimn" {elec, ^Drain rPois rN+
                  | Dex+3}
 73259 | Crypt:2  | Identified the +8 mace "Owept" {holy, rCorr MP+9}
 73355 | Crypt:3  | Entered Level 3 of the Crypt
 73512 | Crypt:2  | Reached skill level 10 in Dodging
 73986 | Crypt:3  | Noticed Sojobo
 73996 | Crypt:3  | Killed Sojobo
 74044 | Crypt:3  | Reached XP level 25. HP: 191/240 MP: 39/39
 74513 | Crypt:3  | Found a basalt altar of Yredelemnul.
 74703 | Crypt:3  | Found a basalt altar of Yredelemnul.
 74825 | Crypt:3  | Found a staircase to the Tomb.
 74984 | Crypt:3  | Got Practical Witchery
 74987 | Crypt:3  | Identified the ring of the Death Scarab {Fly rN+ Dex+4}
 74987 | Crypt:3  | Identified the ring "Igohank" {rC+ rN+ Will- Int+3 Stlth+}
 74987 | Crypt:3  | Identified the ring of Degg {^Drain rN+ Will+ Str+2 Stlth+}
 75102 | Crypt:3  | Identified the staff of the Enfolding Big Fish {rPois Str+4
                  | Int+3 Air Alchemy}
 75102 | Crypt:3  | Identified the death talisman of the Stallion {rF- rC+++
                  | Int+5 Stlth+}
 75982 | D:4      | Bought a scroll of enchant armour for 75 gold pieces
 77591 | Vaults:5 | Entered Level 5 of the Vaults
 77675 | Vaults:5 | Reached skill level 25 in Invocations
 77714 | Vaults:5 | Noticed a dread lich
 77739 | Vaults:5 | Killed a dread lich
 78033 | Vaults:5 | Identified the +8 war axe of Evil {drain, Str+3}
 78174 | Vaults:5 | Reached XP level 26. HP: 202/251 MP: 39/39
 79152 | Vaults:5 | Identified the +3 shortbow of Circular Logic {heavy, rN+
                  | Str-5 Int+5}
 79321 | Vaults:5 | Identified the +0 short sword of Oily Forgiveness {pain,
                  | rPois Str-4 Int+2 Dex+5}
 79420 | Vaults:5 | Identified the +0 leather armour of the Illusory Dreams
                  | {Harm rElec rF- rCorr}
 79505 | Vaults:5 | Got a silver rune of Zot
 79939 | Vaults:5 | Identified the +5 ring mail of Fedhas's Indignation {rPois
                  | rC+}
 79941 | Vaults:5 | Identified the +3 plate armour "Jionaf" {-Cast Rampage +Inv
                  | rC+}
 80057 | Vaults:5 | Identified the ring of Hauqaof {Fire rElec Int-5 Dex+2}
 80068 | Vaults:5 | Identified the +4 dagger of Stickiness {heavy, rC+ Dex+3
                  | SInv}
 80159 | Vaults:5 | Identified the staff "Oruqyr" {rPois rC+ rN+ SInv Necro}
 80792 | Zot:1    | Entered Level 1 of the Realm of Zot
 82106 | Zot:2    | Found the +4 dragonskin cloak
 82106 | Zot:2    | Noticed Tiamat
 82399 | Zot:1    | Killed Tiamat
 82702 | Zot:2    | Noticed a Killer Klown
 82727 | Zot:2    | Killed a Killer Klown
 82751 | Zot:2    | Reached skill level 26 in Invocations
 83954 | Zot:2    | Noticed Grunn
 83962 | Zot:2    | Killed Grunn
 84167 | Zot:2    | Reached XP level 27. HP: 261/261 MP: 40/40
 85279 | Zot:3    | You are sucked into a shaft and drop 1 floor!
 86403 | Zot:5    | Entered Level 5 of the Realm of Zot
 86788 | Zot:5    | Noticed an orb of fire
 86792 | Zot:5    | Noticed a dread lich
 86796 | Zot:5    | Noticed an ancient lich
 86799 | Zot:5    | Gained mutation: You have hidden genetic defects. [an orb
                  | of fire]
 86803 | Zot:5    | Noticed an orb of fire
 86804 | Zot:5    | Gained mutation: You do not regenerate when monsters are
                  | visible. [an orb of fire]
 86805 | Zot:5    | Reached skill level 27 in Invocations
 86809 | Zot:5    | Killed an orb of fire
 86814 | Zot:5    | Killed an ancient lich
 86818 | Zot:5    | Gained mutation: You are frail. (-10% HP) [an orb of fire]
 86820 | Zot:5    | Killed a dread lich
 86825 | Zot:5    | Noticed a dread lich
 86832 | Zot:5    | Killed an orb of fire
 86843 | Zot:5    | Killed a dread lich
 86845 | Zot:5    | Noticed an ancient lich
 86853 | Zot:5    | Killed an ancient lich
 86893 | Zot:5    | Gained mutation: Your body sometimes deteriorates upon
                  | taking damage. [hidden defects]
 87274 | Zot:4    | Lost mutation: Your body sometimes deteriorates upon taking
                  | damage. [potion of mutation]
 87274 | Zot:4    | Lost mutation: You are frail. (-10% HP) [potion of
                  | mutation]
 87274 | Zot:4    | Lost mutation: You do not regenerate when monsters are
                  | visible. [potion of mutation]
 87274 | Zot:4    | Gained mutation: You are covered in fur. (AC +1) [potion of
                  | mutation]
 87275 | Zot:4    | Lost mutation: You have hidden genetic defects. [potion of
                  | mutation]
 87275 | Zot:4    | Lost mutation: You are dopey. (Int -2) [potion of mutation]
 87275 | Zot:4    | Lost mutation: You are covered in fur. (AC +1) [potion of
                  | mutation]
 87275 | Zot:4    | Gained mutation: You are partially covered in iridescent
                  | scales. (AC +2) [potion of mutation]
 87275 | Zot:4    | Gained mutation: You have a pair of small antennae on your
                  | head. [potion of mutation]
 87276 | Zot:4    | Lost mutation: You have a pair of small antennae on your
                  | head. [potion of mutation]
 87276 | Zot:4    | Lost mutation: You are partially covered in iridescent
                  | scales. (AC +2) [potion of mutation]
 87276 | Zot:4    | Lost mutation: You are weak. (Str -2) [potion of mutation]
 87276 | Zot:4    | Gained mutation: You are somewhat resistant to further
                  | mutation. [potion of mutation]
 87367 | Zot:5    | Identified the +5 scale mail of the Noxious God {Will+
                  | Slay+3}
 87838 | Zot:5    | Noticed an ancient lich
 87855 | Zot:5    | Killed an ancient lich
 87943 | Zot:5    | Got the Orb of Zot
 88251 | Depths:4 | Noticed Koamerr the pandemonium lord
 88296 | Depths:2 | Noticed Muongub the pandemonium lord
 88723 | D:$      | Escaped with the Orb!

Illustrated notes

Levels and vault maps discovered:
D:1:      dpeg_arrival_concentric_ovals, layout_loops_corners
D:2:      layout_basic, basic_ecumenical_altar, basic_altar, nicolae_the_louvre,
          uniq_robin, uniq_terence
D:3:      layout_loops_ring, jmf_multi_god_temple, grunt_decor_resistance
D:4:      layout_gridville, temple_doors_cd, serial_shops,
          nicolae_shop_tiny_glass, ebering_ghost_sewer_d, st_stairs_8,
          uniq_menkaure
D:5:      layout_loops_ring, mainiacjoe_overflow_catwalk, zin_angel,
          minmay_fountain_box
D:6:      layout_loops_cross
D:7:      layout_rooms, nicolae_overflow_crystal_walls,
          mainiacjoe_overflow_surrounded_room, minmay_misc_feat_encased,
          kennysheep_generic_room_11
D:8:      layout_loops_ring, nicolae_overflow_hidden_temple, serial_shops,
          nicolae_shop_hallway_plus, minmay_liquid_box,
          kennysheep_generic_room_7, uniq_maggie
D:9:      kennysheep_steamy, layout_loops_ring, mainiacjoe_overflow_alcove_4,
          gammafunk_temple_overflow_pools, grunt_lair_entry_orc_guard_hut
D:10:     hangedman_cross_stitches, layout_cave_pools, serial_rivers,
          chequers_serial_rivers_room_a, chequers_serial_rivers_marsh,
          chequers_serial_rivers_marsh, chequers_serial_rivers_micro_b,
          chequers_serial_rivers_micro_c, kennysheep_pointless_box
D:11:     layout_stronghold, portal_ice_cave_rime, kennysheep_dice,
          uniq_josephine
D:12:     layout_rooms, orc_0_dummy, nicolae_ru_sacrificial_ziggurat
D:13:     minmay_the_grid_triangle_9x9_rhombus_thin
          [minmay_the_grid_triangle_9x9_sparse_checkered,
          minmay_the_grid_triangle_9x9_prize_special,
          minmay_the_grid_triangle_9x9_cache,
          minmay_the_grid_triangle_9x9_swiss_cheese], layout_small_grid,
          gauntlet_entry_generic
D:14:     layout_rooms, david_vaults_4, good_gods_mini_temple, uniq_nessos
D:15:     gammafunk_enter_depths_forms, layout_loops_ring, minivault_11,
          serial_shops, shop
Temple:   minmay_temple_bridge_abc
Lair:1:   layout_gridlike, minmay_lair_oklob_items, serial_bayou_lake_a,
          grunt_megastairs_4
Lair:2:   layout_long_grid, mainiacjoe_shoals_entry_four_pools,
          gammafunk_ghost_cemetery, enter_volcano_3, fungi_pond_lemuel,
          minmay_hedge_maze, lemuel_fruit_fields, lemuel_fruit_fields
Lair:3:   layout_cave_pods, nicolae_spider_entry_non_spiders, basic_altar,
          chequers_serial_rivers_micro_d
Lair:4:   lemuel_slime, layout_cave_pods, minmay_slime_entry_pillars
Lair:5:   minmay_lair_end_enchanted_forest, layout_misc_corridors,
          cheibrodos_lair_lostbears
Shoals:1: nicolae_shoals_island_circles, layout_shoals,
          nicolae_shoals_spring_well_temple, uniq_roxanne
Shoals:2: layout_shoals, nicolae_shoals_square_sea_wall
Shoals:3: layout_shoals
Shoals:4: shoals_end_grunt_ice, layout_shoals, nicolae_shoals_beach_cooler,
          uniq_bai_suzhen
Spider:1: layout_spider_delve, uniq_jorgrun
Spider:2: nicolae_spider_mines_2, hellmonk_spider_spawner,
          hangedman_spider_tarantella_strand, uniq_arachne, uniq_nikola
Spider:3: layout_spider_delve
Spider:4: grunt_spider_rune_parallel
Orc:1:    layout_caves
Orc:2:    hellmonk_orc_salted, layout_caves, basic_altar
Elf:1:    nicolae_elf_arrival_no_cutting_in_line, layout_loops_corners,
          serial_magic_research, hangedman_research_convocations,
          hangedman_research_pyrotechnics, hangedman_research_thermodynamics,
          hangedman_research_electronics, hangedman_research_thanatology,
          hangedman_research_quantum, grunt_ministairs_6
Elf:2:    nicolae_elf_blades_crystal_corner, layout_geoelf_grid, serial_shops,
          shop, st_stairs_2
Elf:3:    minmay_elf_hall_not_hex, layout_geoelf_grid, serial_shops, shop,
          minmay_shop_grove
Vaults:1: v_alt_pattern_2, nicolae_vaults_network_square,
          vaults_room_fancy_cross, nicolae_vaults_three_branches,
          nicolae_vaults_storage_closets_3, hangedman_vaults_capsules,
          v_misc_15, nicolae_vaults_doubleplus_tesselated,
          nicolae_vaults_house_3, layout_vaults_omnicross
Vaults:2: st_hourglassy, v_alt_pattern_3, nicolae_vaults_little_squares_5,
          v_misc_2, hangedman_vaults_stagger, v_rooms_6, ontoclasm_vaults_chip,
          minmay_crypt_entry_simple_statues, nicolae_vaults_trapezoid_1,
          nicolae_vaults_house_1, nicolae_vaults_door_testing_chamber,
          vaults_room_octagon, vaults_room_hallway,
          nicolae_vaults_taking_the_gang_shopping, layout_vaults_ring
Vaults:3: nicolae_vaults_stepped_doors, vaults_room_pools,
          hangedman_vaults_river_flow, nicolae_vaults_trapezoid_lopsided_3,
          lightli_church_of_beogh, nicolae_vaults_little_squares_6, v_misc_33,
          v_misc_26, nicolae_vaults_offset_grid_hallway_1, nicolae_vaults_theta,
          nicolae_vaults_storage_room_statues, nicolae_vaults_shelves_hall,
          nicolae_vaults_tetromino_Z_1, ontoclasm_vaults_twist,
          layout_vaults_omnibox, serial_shops, nicolae_shop_dealshenge
Vaults:4: ontoclasm_vaults_shuriken, v_pattern_3, vaults_mumra_chevron,
          vaults_room_pool, nicolae_vaults_tetromino_L_1,
          vaults_room_large_hall, nicolae_vaults_house_1,
          nicolae_vaults_ninety_degrees, nicolae_vaults_circle_grid_a,
          grunt_vaults_twisty, nicolae_vaults_surprise_closet,
          layout_vaults_big_room, uniq_mara
Vaults:5
Crypt:1:  layout_regular_city, minivault_5, nicolae_crypt_paired_memorials,
          grunt_megastairs_2
Crypt:2:  layout_basic, nzn_life_drinkers, grunt_megastairs_1
Crypt:3:  church_of_pain_bobbens, layout_chaotic_city,
          nicolae_tomb_entry_rubble_hallway, basic_altar, st_small_mortuary,
          uniq_sojobo
Depths:1: minmay_split_circle, layout_cave_pools, enter_ziggurat_e,
          nrook_mini_vaults, hangedman_tar_grid_catacomb,
          minmay_variable_closet, yredelemnul_altar_generic
Depths:2: hangedman_elemental_death_ray, layout_cave_pools,
          serial_co_window_serial, co_window_of_opportunity_a,
          co_window_of_opportunity_a, co_window_paths_b, co_window_paths_a,
          co_window_of_opportunity_a, co_window_unsneaky_path_d,
          co_window_cross_2, co_window_broadway_c, co_window_4corner_a,
          glass_columns_c, glass_columns_b, pan_entry, hell_entry,
          abyss_entry_small_statue_room, nicolae_hepliaklqana_monster_ancestors
Depths:3: hangedman_spin_cycle, hell_entry, abyss_entry
Depths:4: grunt_crosshair, layout_gridville, grunt_mini_vestibule,
          nemelex_diamond_rough_becter, abyss_entry
Zot:1:    layout_onion_interference, bh_zot_lava_cross
Zot:2:    layout_gridlike, uniq_tiamat, uniq_grunn
Zot:3:    layout_misc_corridors, regret_index_zotdec_twisting_globes
Zot:4:    layout_basic, regret_index_zotdec_wing_it
Zot:5:    layout_twisted_circle

Skill      XL: |  1  2  3  4  5  6  7  8  9 10 11 12 13 14 15 16 17 18 19 20 21 22 23 24 25 26 27 |
---------------+----------------------------------------------------------------------------------+-----
Axes           | 3 4 6 7 9 10 11 12 13 15 16 18 | 18.0
Shields        | 4 5 10 13 15 17 20 21 22 23 25 | 25.2
Fighting       | 4 5 7 9 10 11 12 15 16 17 18 21 22 23 24 25 | 25.9
Invocations    | 2 4 6 9 10 11 13 16 18 20 21 22 23 24 25 26 27 | 27.0
Dodging        | 1 2 4 7 8 9 10 11 12 | 12.0
Armour         | 5 6 8 10 13 15 16 17 18 20 21 22 23 25 | 25.1
Evocations     | 2 3 6 8 9 10 12 | 12.0

Action                     |  1- 3 |  4- 6 |  7- 9 | 10-12 | 13-15 | 16-18 | 19-21 | 22-24 | 25-27 || total
---------------------------+-------+-------+-------+-------+-------+-------+-------+-------+-------++-------
  Melee: War axe           |    79 |   184 |   304 |   939 |  1033 |   449 |       |       |       ||  2988
         Morningstar       |       |       |       |       |    10 |    10 |       |       |       ||    20
         Broad axe         |       |       |       |       |       |   998 |  1297 |  1713 |  1858 ||  5866
 Invoke: Upheaval          |       |       |       |     7 |    13 |     9 |    11 |     3 |    13 ||    56
         Elemental Force   |       |       |       |     1 |    10 |    11 |     7 |     3 |    10 ||    42
         Disaster Area     |       |       |       |       |       |       |       |       |     1 ||     1
  Evoke: Wand              |       |       |     2 |     7 |     6 |       |     1 |       |       ||    16
         Phial of floods   |       |       |       |       |       |       |       |       |     1 ||     1
         Phantom mirror    |       |       |       |       |       |       |       |       |     1 ||     1
    Use: Scroll            |       |     7 |       |     5 |     3 |    20 |     7 |    14 |     8 ||    64
         Potion            |       |       |       |     2 |     3 |     3 |    13 |     1 |    12 ||    34
   Stab: Paralysed         |       |       |       |       |    10 |    21 |     8 |     9 |     8 ||    56
         Distracted        |       |       |       |       |     1 |     2 |     1 |     2 |     1 ||     7
 Armour: Chain mail        |    92 |    98 |    94 |       |       |       |       |       |       ||   284
         Crystal plate arm |       |       |    96 |   512 |   502 |  1098 |   463 |   236 |       ||  2907
         Plate armour      |       |       |    10 |       |       |       |       |       |       ||    10
         Gold dragon scale |       |       |       |       |       |       |       |   332 |   636 ||   968
  Dodge: Dodged            |    19 |    54 |    72 |   177 |   123 |   291 |   134 |   234 |   357 ||  1461
         Repelled          |       |       |       |     1 |     3 |     5 |    20 |    11 |    32 ||    72
  Block: Buckler           |    30 |    69 |    80 |   361 |       |       |       |       |       ||   540
         Kite shield       |       |       |       |    45 |   849 |  1204 |       |       |       ||  2098
         Tower shield      |       |       |       |       |       |   494 |  1349 |  1814 |  2276 ||  5933
